[Event "Titled Tuesday Blitz February 15 Early 2022"]
[White "Shevtchenko, Olesya"]
[Black "Vivas Zamora, Fabian Ernesto"]
[WhiteFideId "24131890"]
[BlackFideId "3902480"]
[WhiteElo "2003"]
[BlackElo "1966"]
[Result "1-0"]
[Round "07"]
[TimeControl "180+1"]
[Date "2022.02.15"]
[WhiteClock "0:00:33"]
[BlackClock "0:00:05"]

1. e4 e5 2. Nf3 Nc6 3. Bc4 Nf6 4. d3 Bc5 5. c3 O-O 6. O-O d5 7. exd5 Nxd5 8. Re1 Bg4 9. Nbd2 Nb6 10. h3 Nxc4 11. Nxc4 Bxf3 12. Qxf3 Qf6 13. b4 Qxf3 14. gxf3 Bd6 15. b5 Ne7 16. Nxe5 Nd5 17. Bd2 Rfe8 18. d4 Bxe5 19. dxe5 Nb6 20. Be3 Nc4 21. Bd4 a6 22. a4 h5 23. f4 Kh7 24. Kg2 Kg6 25. Rab1 axb5 26. Rxb5 b6 27. Rb4 Na5 28. Be3 Kf5 29. Rd1 Red8 30. Rbd4 Nc6 31. Rd7 Ke6 32. f5+ Kxe5 33. R1d5+ Kf6 34. Bd4+ Nxd4 35. Rxd8 Rxd8 36. Rxd8 Nxf5 37. Rc8 Nd6 38. Rxc7 Ke5 39. Rc6 b5 40. Rxd6 Kxd6 41. axb5 Kc5 42. c4 g5 43. h4 f6 44. Kg3 Kb6 45. Kf3 Kc5 46. Ke4 f5+ 47. Kf3 gxh4 48. Kg2 h3+ 49. Kxh3 Kxc4 50. b6 Kd3 51. b7 Ke2 52. b8=Q Kxf2 53. Qf4+ 1-0


[Site "https://www.chess.com"]

[Event "Titled Tuesday Blitz February 15 Early 2022"]
[White "Shuvalov, Evgenij"]
[Black "Shukhman, Anna"]
[WhiteFideId "4187237"]
[BlackFideId "54180058"]
[WhiteElo "2119"]
[BlackElo "1628"]
[Result "0-1"]
[Round "07"]
[TimeControl "180+1"]
[Date "2022.02.15"]
[WhiteClock "0:00:05"]
[BlackClock "0:00:20"]

1. b4 e5 2. Bb2 Bxb4 3. Bxe5 Nf6 4. Nc3 O-O 5. Nf3 Nc6 6. Bxf6 Qxf6 7. Nd5 Qf5 8. Nxc7 Rb8 9. c4 Ne5 10. Nxe5 Qxe5 11. Nd5 Bd6 12. e3 b5 13. d4 Qg5 14. Rb1 bxc4 15. Rxb8 Bxb8 16. Qf3 Bb7 17. Bxc4 Rc8 18. Nf6+ Qxf6 19. Qxb7 Qd8 20. Qd5 Qc7 21. Qxf7+ Kh8 22. Bb3 Qc1+ 23. Bd1 Qc3+ 24. Kf1 Qd3+ 25. Ke1 Bd6 26. Qb3 Rc3 27. Qb2 Qc4 28. Kd2 Bb4 29. Be2 Rc2+ 30. Kd1 Qxe2# 0-1


[Site "https://www.chess.com"]

[Event "Titled Tuesday Blitz February 15 Early 2022"]
[White "Shyaamnikhil P"]
[Black "Hakobyan, Aram"]
[WhiteFideId "5024218"]
[BlackFideId "13306677"]
[WhiteElo "2292"]
[BlackElo "2557"]
[Result "0-1"]
[Round "07"]
[TimeControl "180+1"]
[Date "2022.02.15"]
[WhiteClock "0:00:12"]
[BlackClock "0:00:23"]

1. d4 f5 2. Nc3 d5 3. Bg5 c6 4. e3 g6 5. h4 Nh6 6. Nf3 Nf7 7. h5 Nxg5 8. Nxg5 Bg7 9. hxg6 hxg6 10. Rxh8+ Bxh8 11. f4 Qb6 12. Qd2 Qxb2 13. Rb1 Qa3 14. Bd3 Nd7 15. g4 Nb6 16. Rb3 Qd6 17. Qh2 Bf6 18. Nf3 Be6 19. g5 Bg7 20. Qh7 Kf8 21. Ne5 Bf7 22. Kf2 Rb8 23. Rb1 Nd7 24. Rh1 Nxe5 25. fxe5 Qd8 26. Ne2 e6 27. Rg1 c5 28. Nf4 cxd4 29. Nxg6+ Bxg6 30. Qxg6 dxe3+ 31. Kf3 Qe8 32. Qh7 d4 33. g6 Rc8 34. Rb1 Rxc2 35. Bxc2 Qc6+ 36. Kf4 Qxc2 37. Qh1 Qf2+ 38. Kg5 Qg3+ 0-1


[Site "https://www.chess.com"]

[Event "Titled Tuesday Blitz February 15 Early 2022"]
[White "Siva Mahadevan"]
[Black "Sanal, Vahap"]
[WhiteFideId "25043153"]
[BlackFideId "6300545"]
[WhiteElo "2203"]
[BlackElo "2603"]
[Result "1/2-1/2"]
[Round "07"]
[TimeControl "180+1"]
[Date "2022.02.15"]
[WhiteClock "0:02:30"]
[BlackClock "0:02:39"]

1. e4 e5 2. Nf3 Nc6 3. Bb5 Nf6 4. O-O Nxe4 5. Re1 Nd6 6. Nxe5 Be7 7. Bf1 Nxe5 8. Rxe5 O-O 9. d4 Bf6 10. Bd3 Bxe5 11. dxe5 Ne8 12. Nc3 d6 13. Qh5 g6 14. Qh6 Qe7 15. exd6 Nxd6 16. Nd5 Qe5 17. c4 Nf5 18. Qf4 Qxf4 19. Bxf4 c6 20. Nc7 Rb8 21. Na6 Ra8 22. Nc7 Rb8 23. Na6 Ra8 24. Nc7 1/2-1/2


[Site "https://www.chess.com"]

[Event "Titled Tuesday Blitz February 15 Early 2022"]
[White "Sjugirov, Sanan"]
[Black "Visakh N R"]
[WhiteFideId "4189302"]
[BlackFideId "25012223"]
[WhiteElo "2602"]
[BlackElo "2454"]
[Result "1-0"]
[Round "07"]
[TimeControl "180+1"]
[Date "2022.02.15"]
[WhiteClock "0:01:30"]
[BlackClock "0:01:19"]

1. e4 c5 2. Nf3 d6 3. d4 cxd4 4. Nxd4 Nf6 5. Nc3 a6 6. Be3 e5 7. Nf3 Be7 8. Bc4 O-O 9. O-O Nc6 10. Qe2 Be6 11. Bb3 Na5 12. Rfd1 Qc8 13. Bg5 Rd8 14. Bxf6 Bxf6 15. Nd5 Bxd5 16. Bxd5 Qc7 17. c3 Rac8 18. Rd3 Nc4 19. Rad1 b5 20. a3 g6 21. h4 h5 22. g3 Kg7 23. Kg2 Qe7 24. Nh2 Nb6 25. Bb3 Na4 26. Rf3 Nb6 27. g4 Nc4 28. g5 Bxg5 29. hxg5 Qxg5+ 30. Rg3 Qf4 31. Rf3 Qg5+ 32. Kh1 Rc7 33. Rg3 Qh4 34. Kg2 Re8 35. Nf3 Qf4 36. Rh1 Rh8 37. Ng5 Nd2 38. Bd5 1-0


[Site "https://www.chess.com"]

[Event "Titled Tuesday Blitz February 15 Early 2022"]
[White "Soderstrom, Adrian"]
[Black "Ovezdurdyyeva, Jemal"]
[WhiteFideId "1745786"]
[BlackFideId "14001888"]
[WhiteElo "2107"]
[BlackElo "1946"]
[Result "0-1"]
[Round "07"]
[TimeControl "180+1"]
[Date "2022.02.15"]
[WhiteClock "0:00:19"]
[BlackClock "0:00:18"]

1. e4 d6 2. d4 Nf6 3. Nc3 g6 4. Nf3 c6 5. h3 b5 6. a3 a5 7. Bg5 Bg7 8. e5 dxe5 9. dxe5 Qxd1+ 10. Rxd1 Nfd7 11. e6 fxe6 12. Nd4 Nc5 13. b4 Nb7 14. Be2 h6 15. Be3 O-O 16. Bf3 Bd7 17. Ncxb5 Rxf3 18. Nc7 Rxe3+ 19. fxe3 Ra7 20. Ndxe6 Bc3+ 21. Ke2 Nd6 22. Rd3 axb4 23. axb4 Bxb4 24. Rb1 Rb7 25. c3 Ba5 26. Rxb7 Nxb7 27. Rd1 Nd6 28. Rb1 Na6 29. Nxa6 Bxe6 30. Nc5 Bd5 31. Rb8+ Kf7 32. Kf2 Bxc3 33. Rd8 Ne4+ 34. Nxe4 Bxe4 35. g4 Bf6 36. Rc8 Ke6 37. Kg3 Kd7 38. Rb8 Be5+ 39. Kh4 Bxb8 40. g5 hxg5+ 41. Kg4 c5 42. h4 gxh4 43. Kh3 Ba7 44. Kg4 c4 45. Kh3 c3 46. Kg4 h3 47. Kxh3 c2 48. Kg4 c1=Q 49. Kh3 Qh1+ 50. Kg4 Qf3+ 51. Kg5 Qf5+ 52. Kh4 Qh5+ 53. Kg3 Bb8+ 54. Kf2 Qf3+ 55. Ke1 Bd3 56. Kd2 Qe2+ 57. Kc3 Be5+ 58. Kb4 Qb2+ 59. Kc5 Qc3+ 60. Kd5 e6# 0-1


[Site "https://www.chess.com"]

[Event "Titled Tuesday Blitz February 15 Early 2022"]
[White "Sokolovsky, Yahli"]
[Black "FGHSMN"]
[WhiteFideId "2820242"]
[WhiteElo "1770"]
[BlackElo "2707"]
[Result "1/2-1/2"]
[Round "07"]
[TimeControl "180+1"]
[Date "2022.02.15"]
[WhiteClock "0:00:05"]
[BlackClock "0:00:05"]

1. b3 e5 2. Bb2 Nc6 3. e3 Nf6 4. Nf3 e4 5. Nd4 Bc5 6. c4 Bxd4 7. exd4 d5 8. d3 exd3 9. Qxd3 Nb4 10. Qe2+ Kd7 11. Bc1 Re8 12. Be3 Ke7 13. Qd2 a5 14. a3 Nc6 15. Nc3 Kf8 16. Be2 dxc4 17. bxc4 Bg4 18. O-O Bxe2 19. Nxe2 Kg8 20. h3 b6 21. Ng3 Qd7 22. Rad1 Ne4 23. Nxe4 Rxe4 24. Qc2 Ree8 25. d5 Ne5 26. c5 bxc5 27. Qxc5 a4 28. Rd4 Rac8 29. Rc1 h6 30. Qa5 Qf5 31. Qxa4 Red8 32. Qc2 Qf6 33. Qe4 Ng6 34. a4 Re8 35. Qc2 Ne7 36. a5 Nf5 37. Rd3 Nxe3 38. Rxe3 Rxe3 39. fxe3 Qa6 40. Qc3 Qa7 41. Kh2 Qb8 42. e4 c6+ 43. Kh1 c5 44. a6 Qa7 45. Ra1 c4 46. d6 Rc6 47. e5 Rxa6 48. Rxa6 Qxa6 49. Qd4 Qc8 50. d7 Qd8 51. Qd6 c3 52. Qc6 c2 53. Qc8 c1=Q+ 54. Qxc1 Qxd7 55. Qe3 Qe6 56. Kh2 h5 57. Qf4 Kh7 58. h4 Kg6 59. Qg5+ Kh7 60. Qxh5+ Kg8 61. Qg5 Qd5 62. Qf4 Kf8 63. Qg5 Qd7 64. Qg3 Qc7 65. Qf4 Ke7 66. Qg5+ Kf8 67. Kh3 Qd7+ 68. Qg4 Qd3+ 69. Qf3 Qd4 70. Qe2 Qd7+ 71. g4 Ke7 72. Qe3 Ke6 73. Kg3 Qd5 74. Kf4 Qc4+ 75. Qe4 Qf1+ 76. Kg3 Qg1+ 77. Kh3 Qf1+ 78. Kg3 Qb5 79. Qf5+ Ke7 80. Qg5+ Ke6 81. Qxg7 Qd3+ 82. Kf4 Qd2+ 83. Kf3 Qd3+ 84. Kf2 Qd2+ 85. Kf3 Qd3+ 86. Kf4 Qd2+ 87. Ke4 Qe2+ 88. Kd4 Qd2+ 89. Kc4 Qc2+ 90. Kb5 Qb3+ 91. Ka6 Qa4+ 92. Kb6 Qb4+ 93. Kc6 Qc4+ 94. Kb6 Qb4+ 95. Kc7 Qc5+ 96. Kb7 Qb5+ 97. Kc7 Qc5+ 98. Kd8 Qb6+ 99. Kc8 Qc6+ 100. Kb8 Qb6+ 101. Ka8 Qc6+ 102. Kb8 Qb6+ 103. Ka8 Qc6+ 104. Kb8 1/2-1/2


[Site "https://www.chess.com"]

[Event "Titled Tuesday Blitz February 15 Early 2022"]
[White "Sovetbekova, Nurai"]
[Black "Vifleemskaia, Svetlana"]
[WhiteFideId "13801910"]
[BlackFideId "4129490"]
[WhiteElo "1545"]
[BlackElo "1901"]
[Result "1-0"]
[Round "07"]
[TimeControl "180+1"]
[Date "2022.02.15"]
[WhiteClock "0:00:40"]
[BlackClock "0:01:40"]

1. d4 Nf6 2. c4 e6 3. g3 Bb4+ 4. Bd2 Qe7 5. Bg2 Nc6 6. Nf3 O-O 7. O-O Bxd2 8. Qxd2 e5 9. d5 e4 10. dxc6 exf3 11. cxb7 Bxb7 12. Bxf3 Bxf3 13. exf3 Qc5 14. b3 d6 15. Nc3 h6 16. Ne4 Qf5 17. Nxf6+ Qxf6 18. Kg2 a5 19. Rac1 a4 20. b4 a3 21. c5 Ra4 22. b5 Qb2 23. Rc2 Qxb5 24. cxd6 cxd6 25. Qxd6 Rc4 26. Rfc1 Rfc8 27. Rxc4 Rxc4 28. Qd8+ Kh7 29. Qd3+ 1-0


[Site "https://www.chess.com"]

[Event "Titled Tuesday Blitz February 15 Early 2022"]
[White "Srihari L R"]
[Black "Volkov, Maksim"]
[WhiteFideId "46617116"]
[BlackFideId "54123070"]
[WhiteElo "2121"]
[BlackElo "2081"]
[Result "1-0"]
[Round "07"]
[TimeControl "180+1"]
[Date "2022.02.15"]
[WhiteClock "0:02:00"]
[BlackClock "0:01:41"]

1. d4 d5 2. c4 e6 3. Nc3 c6 4. e4 dxe4 5. Nxe4 Bb4+ 6. Nc3 Nf6 7. a3 Be7 8. Nf3 O-O 9. Be2 b6 10. O-O Bb7 11. h3 c5 12. Be3 cxd4 13. Nxd4 Nbd7 14. Bf3 Bxf3 15. Qxf3 Ne5 16. Qe2 Rc8 17. b3 Ned7 18. Rfd1 Qc7 19. Ncb5 Qb8 20. Qf3 Bc5 21. Nc6 Qb7 22. Ne7+ 1-0


[Site "https://www.chess.com"]

[Event "Titled Tuesday Blitz February 15 Early 2022"]
[White "Stanisz, Patryk"]
[Black "Bettalli, Francesco"]
[WhiteFideId "1123106"]
[BlackFideId "2816453"]
[WhiteElo "1876"]
[BlackElo "2216"]
[Result "0-1"]
[Round "07"]
[TimeControl "180+1"]
[Date "2022.02.15"]
[WhiteClock "0:00:02"]
[BlackClock "0:01:16"]

1. Nf3 c5 2. b3 d6 3. Bb2 e5 4. d3 g6 5. g3 Bg7 6. Bg2 Ne7 7. O-O O-O 8. Nbd2 f5 9. c4 Nbc6 10. e3 a6 11. Qe2 b5 12. Rad1 Bb7 13. Nb1 b4 14. h4 a5 15. d4 cxd4 16. exd4 e4 17. Ng5 Qd7 18. d5 Ne5 19. Ne6 Rfe8 20. Nxg7 Kxg7 21. f4 exf3 22. Bxf3 Ng8 23. c5 Ba6 24. Qf2 Bxf1 25. Qxf1 Nf6 26. c6 Qa7+ 27. Bd4 Qa6 28. Be2 Qc8 29. Bc4 Ne4 30. Qf4 Kg8 31. Nd2 Nxd2 32. Rxd2 Nxc4 33. bxc4 a4 34. Qg5 Qd8 35. Qh6 Qe7 36. h5 Qe1+ 37. Kg2 Re2+ 38. Rxe2 Qxe2+ 39. Kg1 Qd1+ 40. Kg2 Qxd4 41. hxg6 Qg7 42. gxh7+ Kh8 43. Qxd6 b3 44. c7 bxa2 45. Qd8+ Qf8 46. c8=Q Rxc8 0-1


[Site "https://www.chess.com"]

[Event "Titled Tuesday Blitz February 15 Early 2022"]
[White "Stepanencu, Nicodim-Cosmin"]
[Black "Iskusnyh, Sergei"]
[WhiteFideId "1256220"]
[BlackFideId "4120027"]
[WhiteElo "1809"]
[BlackElo "2492"]
[Result "1/2-1/2"]
[Round "07"]
[TimeControl "180+1"]
[Date "2022.02.15"]
[WhiteClock "0:00:57"]
[BlackClock "0:01:33"]

1. e4 e6 2. d4 d5 3. Nd2 c5 4. exd5 Qxd5 5. dxc5 Nf6 6. Ngf3 Qxc5 7. Bd3 Nbd7 8. a4 Be7 9. a5 O-O 10. O-O Qc7 11. Nb3 Rd8 12. Ra4 Nf8 13. Bf4 Bd6 14. Rd4 Bxf4 15. Rxd8 Nd7 16. Re8 Nf6 17. Rd8 Nd7 18. Re8 Nf6 19. Rd8 1/2-1/2


[Site "https://www.chess.com"]

[Event "Titled Tuesday Blitz February 15 Early 2022"]
[White "Sviridov, Valery"]
[Black "Makarian, Rudik"]
[WhiteFideId "4120680"]
[BlackFideId "44105681"]
[WhiteElo "2454"]
[BlackElo "2486"]
[Result "1-0"]
[Round "07"]
[TimeControl "180+1"]
[Date "2022.02.15"]
[WhiteClock "0:00:54"]
[BlackClock "0:00:02"]

1. d4 Nf6 2. Nf3 c5 3. e3 cxd4 4. exd4 d5 5. c3 Bf5 6. Qb3 Qc8 7. Bg5 e6 8. Bxf6 gxf6 9. g3 Nc6 10. Nbd2 Bd6 11. Bg2 Bd3 12. Bf1 Be4 13. Be2 Qd7 14. a4 O-O-O 15. a5 a6 16. Qa4 h5 17. b4 h4 18. Rf1 hxg3 19. hxg3 Bxf3 20. Nxf3 Na7 21. Qxd7+ Kxd7 22. Kd2 e5 23. Rh1 Rc8 24. Nh4 Rc6 25. Nf5 Rhc8 26. Bg4 R8c7 27. Ne3+ Ke7 28. Nxd5+ Kf8 29. Nxc7 Rxc7 30. d5 e4 31. Rh8+ Kg7 32. Ra8 Nb5 33. Rc8 Rxc8 34. Bxc8 Nxc3 35. Kxc3 Bxb4+ 36. Kc4 1-0


[Site "https://www.chess.com"]

[Event "Titled Tuesday Blitz February 15 Early 2022"]
[White "Sychev, Klementy"]
[Black "Dronavalli, Harika"]
[WhiteFideId "4114060"]
[BlackFideId "5015197"]
[WhiteElo "2564"]
[BlackElo "2382"]
[Result "1/2-1/2"]
[Round "07"]
[TimeControl "180+1"]
[Date "2022.02.15"]
[WhiteClock "0:00:06"]
[BlackClock "0:00:36"]

1. b3 Nf6 2. Bb2 g6 3. Nf3 Bg7 4. g3 d6 5. d4 b5 6. Qd3 a6 7. Nbd2 Bb7 8. e4 O-O 9. O-O-O c5 10. d5 c4 11. Qe2 Qa5 12. bxc4 Qxa2 13. Qd3 Nbd7 14. Qa3 Qxa3 15. Bxa3 Ng4 16. Re1 Nxf2 17. Rg1 Ng4 18. Bb2 Rfc8 19. cxb5 axb5 20. Bxb5 Nde5 21. h3 Ra5 22. hxg4 Nxf3 23. Nxf3 Bxb2+ 24. Kxb2 Rxb5+ 25. Kc1 Rbc5 26. Rg2 Ba6 27. Nd4 Rc4 28. Nc6 Rc7 29. Re3 Bb5 30. Na5 Rc3 31. Rxc3 Rxc3 32. Nb3 Rc4 33. Re2 Bd7 34. g5 Rc3 35. Rg2 Bg4 36. Kd2 Rf3 37. Nd4 Rf1 38. Nc6 Kf8 39. c4 Bf3 40. Rh2 Bxe4 41. Rxh7 Rg1 42. Rh8+ Kg7 43. Re8 Rxg3 44. Rxe7 Bf5 45. Nd4 Rxg5 46. Ne6+ Bxe6 47. dxe6 Kf6 48. Rxf7+ Kxe6 49. Rf8 Re5 50. Rg8 g5 51. Kd3 Kf5 52. Rd8 Re6 53. Kd4 g4 54. Kd5 Re2 55. Rf8+ Kg5 56. Kxd6 g3 57. Rg8+ Kf4 58. c5 Rd2+ 59. Ke7 Re2+ 60. Kd6 Rd2+ 61. Ke7 Rc2 62. Kd6 g2 63. c6 Rd2+ 64. Ke7 Re2+ 65. Kd7 Rd2+ 66. Ke7 Rc2 67. Kd7 Kf3 68. Rxg2 Kxg2 69. c7 Kf3 70. c8=Q Rxc8 71. Kxc8 1/2-1/2


[Site "https://www.chess.com"]

[Event "Titled Tuesday Blitz February 15 Early 2022"]
[White "Ter-Sahakyan, Samvel"]
[Black "Urbina Perez, Juan Antonio"]
[WhiteFideId "13302531"]
[BlackFideId "2217368"]
[WhiteElo "2727"]
[BlackElo "2527"]
[Result "1-0"]
[Round "07"]
[TimeControl "180+1"]
[Date "2022.02.15"]
[WhiteClock "0:01:13"]
[BlackClock "0:01:22"]

1. d4 d5 2. Nf3 Nf6 3. c3 c6 4. Qc2 g6 5. Bf4 Bf5 6. Qb3 Qb6 7. e3 h5 8. h3 Nbd7 9. c4 dxc4 10. Bxc4 Qxb3 11. Bxb3 Bg7 12. Nc3 Ne4 13. Nxe4 Bxe4 14. Bxf7+ Kxf7 15. Ng5+ Ke8 16. Nxe4 Nf6 17. Nc5 b6 18. Ne6 Kf7 19. Nxg7 Kxg7 20. Rc1 Rac8 21. Ke2 Kf7 22. Rc2 Nd7 23. Rhc1 c5 24. b4 Rc6 25. dxc5 bxc5 26. bxc5 Rhc8 27. e4 Rxc5 28. Rxc5 Rxc5 29. Rxc5 Nxc5 30. Be3 Nxe4 31. Kd3 Nd6 32. Bxa7 e5 33. Bb8 Nb7 34. Bxe5 Ke6 35. Bd4 Kd5 36. a4 Nd6 37. a5 Nf5 38. a6 Kc6 39. Ke4 Nh4 40. g4 hxg4 41. hxg4 Ng2 42. f4 Nh4 43. Bf2 Ng2 44. Kf3 1-0


[Site "https://www.chess.com"]

[Event "Titled Tuesday Blitz February 15 Early 2022"]
[White "Thunderbolt135"]
[Black "Moksh Amit Doshi"]
[BlackFideId "25064967"]
[WhiteElo "2761"]
[BlackElo "2569"]
[Result "0-1"]
[Round "07"]
[TimeControl "180+1"]
[Date "2022.02.15"]
[WhiteClock "0:00:08"]
[BlackClock "0:00:12"]

1. e4 e5 2. Nf3 Nc6 3. d4 exd4 4. Bb5 Bc5 5. O-O Nge7 6. Nbd2 d5 7. Nb3 Bb6 8. exd5 Qxd5 9. Nfxd4 Bd7 10. c4 Qd6 11. c5 Bxc5 12. Nxc5 Qxc5 13. Be3 Qd6 14. Rc1 O-O-O 15. Nxc6 Bxc6 16. Qg4+ Qd7 17. Qxd7+ Rxd7 18. Bc4 Nd5 19. Bxa7 Re8 20. Bc5 Nf4 21. f3 Rd2 22. Rf2 Rxf2 23. Kxf2 Bd5 24. Bf1 Bxa2 25. Bd6 Ne6 26. Bg3 Bd5 27. Bb5 c6 28. Bd3 g6 29. h4 h5 30. b4 Rd8 31. Bf1 Rd7 32. Ra1 Nc7 33. b5 Be6 34. b6 Na6 35. Rxa6 bxa6 36. Bxa6+ Rb7 37. Ke3 Bd5 38. Kd4 Bb3 39. Kc5 Ba4 40. Bc7 Bb5 41. g4 Bxa6 0-1


[Site "https://www.chess.com"]

[Event "Titled Tuesday Blitz February 15 Early 2022"]
[White "Todorovic, Bojan"]
[Black "Wartiovaara, Oliver"]
[WhiteFideId "917087"]
[BlackFideId "513024"]
[WhiteElo "2266"]
[BlackElo "1971"]
[Result "0-1"]
[Round "07"]
[TimeControl "180+1"]
[Date "2022.02.15"]
[WhiteClock "0:00:19"]
[BlackClock "0:00:19"]

1. Nf3 Nf6 2. c4 g6 3. Nc3 d5 4. cxd5 Nxd5 5. Qa4+ Nc6 6. Ne5 Qd6 7. Nxc6 Qxc6 8. Qd4 Nxc3 9. Qxh8 Nxa2 10. h4 Nxc1 11. h5 Nb3 12. Rd1 Be6 13. h6 O-O-O 14. Qc3 Bd5 15. Rh4 e5 16. g3 e4 17. Bg2 f5 18. Kf1 Be7 19. Rh2 Bf6 20. Qc2 Qxc2 0-1


[Site "https://www.chess.com"]

[Event "Titled Tuesday Blitz February 15 Early 2022"]
[White "Tsydypov, Zhamsaran"]
[Black "Kucuksari, Kaan"]
[WhiteFideId "4108566"]
[BlackFideId "6380166"]
[WhiteElo "2614"]
[BlackElo "2305"]
[Result "0-1"]
[Round "07"]
[TimeControl "180+1"]
[Date "2022.02.15"]
[WhiteClock "0:01:33"]
[BlackClock "0:00:19"]

1. d4 Nf6 2. c4 c6 3. Nc3 d5 4. Nf3 e6 5. e3 Nbd7 6. Qc2 Bd6 7. g4 h6 8. Rg1 e5 9. cxd5 cxd5 10. g5 hxg5 11. Rxg5 e4 12. Ne5 Nxe5 13. dxe5 Nd7 14. Rxg7 Nxe5 15. Nxd5 Nf3+ 16. Kd1 Be6 17. Qxe4 Be5 18. Rh7 Rxh7 19. Qxh7 Qxd5+ 20. Ke2 O-O-O 21. Qc2+ Kb8 22. Bg2 Ng1+ 23. Kf1 Qd1+ 0-1


[Site "https://www.chess.com"]

[Event "Titled Tuesday Blitz February 15 Early 2022"]
[White "Tsyhanchuk, Stanislav"]
[Black "Goldin, Roman"]
[WhiteFideId "13505130"]
[BlackFideId "2803860"]
[WhiteElo "2078"]
[BlackElo "2312"]
[Result "1/2-1/2"]
[Round "07"]
[TimeControl "180+1"]
[Date "2022.02.15"]
[WhiteClock "0:00:11"]
[BlackClock "0:00:19"]

1. e4 Nc6 2. Nc3 Nf6 3. Bc4 Nxe4 4. Bxf7+ Kxf7 5. Nxe4 e5 6. Nf3 d5 7. Neg5+ Kg8 8. d3 h6 9. Nh3 Bxh3 10. gxh3 Qf6 11. Rg1 Bc5 12. Be3 Bxe3 13. fxe3 Kh7 14. Nd2 Rhf8 15. Qe2 e4 16. d4 Nb4 17. O-O-O Nxa2+ 18. Kb1 Nb4 19. Qg4 Rf7 20. Rdf1 Qe7 21. Qg6+ Kg8 22. Rxf7 Qxf7 23. Qxh6 Rf8 24. Qg5 c6 25. b3 a5 26. h4 Qf6 27. Qg4 Rf7 28. h5 Qf2 29. h6 Qxd2 30. h7+ Kxh7 31. Qh3+ Kg8 32. Qc8+ Rf8 33. Qe6+ Rf7 34. Qc8+ Kh7 35. Qh3+ Kg8 36. Qc8+ 1/2-1/2


[Site "https://www.chess.com"]

[Event "Titled Tuesday Blitz February 15 Early 2022"]
[White "Tuleyeva-Aketayeva, Dana"]
[Black "Vargas Pereda, Jesus Manue"]
[WhiteFideId "13701932"]
[BlackFideId "5115710"]
[WhiteElo "1944"]
[BlackElo "1766"]
[Result "1-0"]
[Round "07"]
[TimeControl "180+1"]
[Date "2022.02.15"]
[WhiteClock "0:00:08"]
[BlackClock "0:00:09"]

1. d4 Nf6 2. Nf3 d5 3. g3 Bg4 4. Bg2 e6 5. Ne5 Bf5 6. O-O Nbd7 7. c4 c6 8. Nc3 Bd6 9. Nxd7 Qxd7 10. cxd5 cxd5 11. Bg5 Be7 12. Rc1 O-O 13. Qa4 Qxa4 14. Nxa4 Rac8 15. Nc5 Bxc5 16. dxc5 Nd7 17. b4 f6 18. Bd2 a6 19. a4 Rc6 20. Rc3 Rfc8 21. Rfc1 Ne5 22. Be3 Ng4 23. b5 R6c7 24. Bd4 e5 25. Bxd5+ Kf8 26. Be3 Nxe3 27. fxe3 Bg4 28. Kf2 Bd7 29. b6 Rc6 30. Bxc6 Bxc6 31. a5 Ke7 32. Rd1 Ke6 33. Rd6+ Kf5 34. Rcd3 Be4 35. Rc3 h5 36. Rd7 g5 37. Rc7 Rd8 38. Rxb7 Bxb7 39. c6 Bc8 40. Rc5 Ke6 41. b7 Bxb7 42. cxb7 Rb8 43. Rc6+ Kd7 44. Rxa6 Rxb7 45. Rxf6 Ra7 46. Rf7+ Ke6 47. Rxa7 Kf5 48. e4+ Kg4 49. a6 Kh3 50. Rh7 h4 51. Rh5 g4 52. gxh4 g3+ 53. hxg3 Kg4 54. Rxe5 Kh3 55. Re8 Kg4 56. Rb8 Kh3 57. a7 Kg4 58. a8=Q Kh3 59. Qa2 Kg4 60. Qe6+ Kh5 61. Qf7+ Kg4 62. Qf3+ Kh3 63. Qh1+ Kg4 64. Rg8+ Kh5 65. Qf3+ Kh6 66. Qf6+ Kh5 67. Qg5# 1-0


[Site "https://www.chess.com"]

[Event "Titled Tuesday Blitz February 15 Early 2022"]
[White "Urbina Quiroz, Edwin"]
[Black "Abramov, Alexander"]
[WhiteFideId "6500650"]
[BlackFideId "4174089"]
[WhiteElo "2130"]
[BlackElo "2085"]
[Result "1-0"]
[Round "07"]
[TimeControl "180+1"]
[Date "2022.02.15"]
[WhiteClock "0:00:10"]
[BlackClock "0:00:06"]

1. e4 c5 2. Nf3 e6 3. c3 d5 4. e5 d4 5. cxd4 cxd4 6. Bb5+ Bd7 7. Nxd4 Qc7 8. O-O Qxe5 9. Bxd7+ Nxd7 10. Nf3 Qc7 11. d4 Ngf6 12. Nc3 a6 13. d5 e5 14. Re1 Bd6 15. Bg5 O-O 16. Rc1 Qb8 17. h3 Re8 18. Bxf6 Nxf6 19. Ne4 Nxe4 20. Rxe4 f5 21. Rec4 Qd8 22. Qd2 Qf6 23. Ng5 Qh6 24. R1c2 e4 25. Ne6 Qf6 26. Qc3 Be5 27. Qb3 b5 28. Rc6 Qh4 29. d6 Kh8 30. d7 Rg8 31. d8=Q Raxd8 32. Nxd8 Qxd8 33. Qxg8+ Qxg8 34. Rc8 h6 35. Rxg8+ Kxg8 36. b3 b4 37. Rc6 f4 38. Rxa6 Kf7 39. Kf1 Bc3 40. a4 bxa3 41. Rxa3 e3 42. fxe3 fxe3 43. Ke2 Bd2 44. Ra7+ Kf6 45. Rb7 g5 46. b4 Ke6 47. b5 Kd5 48. Rh7 Kc5 49. Rxh6 Kxb5 50. Rh5 Kc5 51. Rxg5+ Kd6 52. h4 Ke6 53. h5 Kf6 54. Rg3 Kf7 55. Rf3+ Kg7 56. g4 Kh6 57. Rf5 Bc1 58. Kf3 Bd2 59. Re5 Bc1 60. Rxe3 Bb2 61. Re4 Ba1 62. Re6+ Kg7 63. Ra6 Bb2 64. Kf4 Bc1+ 65. Kf5 Bb2 66. g5 Bc3 67. h6+ Kg8 68. Kg6 Bg7 69. Ra8+ Bf8 70. h7+ Kh8 71. Rxf8# 1-0


[Site "https://www.chess.com"]

[Event "Titled Tuesday Blitz February 15 Early 2022"]
[White "Vaishali, Rameshbabu"]
[Black "Rakhimgaliyev, Yerlan"]
[WhiteFideId "5091756"]
[BlackFideId "13705148"]
[WhiteElo "2343"]
[BlackElo "2261"]
[Result "0-1"]
[Round "07"]
[TimeControl "180+1"]
[Date "2022.02.15"]
[WhiteClock "0:00:01"]
[BlackClock "0:00:53"]

1. d4 Nf6 2. c4 g6 3. Nc3 Bg7 4. e4 d6 5. Be2 O-O 6. h4 c5 7. d5 b5 8. cxb5 a6 9. a4 axb5 10. Bxb5 Ba6 11. Bxa6 Nxa6 12. h5 gxh5 13. Rxh5 Nxh5 14. Qxh5 f5 15. exf5 Nb4 16. Kf1 Qe8 17. Qf3 Qf7 18. g4 h5 19. Nh3 hxg4 20. Qxg4 Qxf5 21. Qg3 Qd3+ 22. Qxd3 Nxd3 23. Bg5 Nxb2 24. Ne4 Nxa4 25. Re1 Ra7 26. Nf4 Be5 27. Ne6 Rf5 28. f4 Nb2 29. Kg2 Nd3 30. Rf1 Bf6 31. Ng3 Rxd5 32. Bxf6 exf6 33. f5 c4 34. Kf3 c3 35. Ke4 Nb4 36. Nh5 Re5+ 37. Kf4 c2 38. Rg1+ Kf7 39. Nxf6 Kxf6 40. Rg6+ Ke7 41. Rg7+ Ke8 42. Rg8+ Kd7 43. Rd8+ Ke7 0-1


[Site "https://www.chess.com"]

[Event "Titled Tuesday Blitz February 15 Early 2022"]
[White "Valle Maytin, Luis Enrique"]
[Black "Van den Dikkenberg, Erik"]
[WhiteFideId "3503666"]
[BlackFideId "1005880"]
[WhiteElo "2003"]
[BlackElo "2118"]
[Result "0-1"]
[Round "07"]
[TimeControl "180+1"]
[Date "2022.02.15"]
[WhiteClock "0:00:02"]
[BlackClock "0:00:07"]

1. e4 c5 2. Nf3 d6 3. d4 cxd4 4. Nxd4 Nf6 5. Nc3 a6 6. Bg5 e6 7. f4 Nc6 8. Nxc6 bxc6 9. e5 h6 10. exf6 hxg5 11. fxg5 gxf6 12. Qf3 fxg5 13. Qxc6+ Bd7 14. Qf3 Rb8 15. Bc4 Rxb2 16. O-O f5 17. Rae1 Qc8 18. Bb3 Be7 19. Qe3 f4 20. Qd4 e5 21. Qd5 Qxc3 22. Rd1 Qc5+ 23. Qxc5 dxc5 24. Rfe1 Rxb3 25. axb3 Bf6 26. Rd6 Ke7 27. Rxa6 Rc8 28. Rd1 Rc7 29. Rdd6 Bg7 30. Rg6 Kf7 31. Rxg5 c4 32. Rgg6 cxb3 33. cxb3 Rc2 34. Kf1 Rd2 35. Rab6 Bf8 36. Rgd6 Bxd6 37. Rxd6 Rxd6 0-1


[Site "https://www.chess.com"]

[Event "Titled Tuesday Blitz February 15 Early 2022"]
[White "Van Foreest, Jorden"]
[Black "Kezin, Roman"]
[WhiteFideId "1039784"]
[BlackFideId "24124621"]
[WhiteElo "2609"]
[BlackElo "2509"]
[Result "1-0"]
[Round "07"]
[TimeControl "180+1"]
[Date "2022.02.15"]
[WhiteClock "0:01:05"]
[BlackClock "0:00:03"]

1. e4 c5 2. Nf3 e6 3. d4 cxd4 4. Nxd4 Nc6 5. Nc3 Qc7 6. Be3 a6 7. g4 b5 8. Nxc6 Qxc6 9. Qd2 Nf6 10. f3 h6 11. O-O-O Bb7 12. h4 b4 13. Ne2 e5 14. Bh3 O-O-O 15. g5 Ne8 16. Kb1 Nd6 17. Qd3 Nc4 18. Bf2 Be7 19. c3 Kb8 20. cxb4 d5 21. Rc1 Qb5 22. a3 hxg5 23. Qc2 Ka8 24. Nc3 Qe8 25. Nxd5 Rxd5 26. exd5 Bxd5 27. Rhd1 1-0


[Site "https://www.chess.com"]